 Dungeon Crawl Stone Soup version 0.27-a0-695-gb4952372f7 (webtiles) character file.

Game seed: 14208392884933762426

1815 DasRunzen the Conjurer (level 8, -10/67 HPs)
             Began as a Demigod Conjurer on Mar 22, 2021.
             Mangled by an orc warrior
             ... wielding a +0 great sword
              (18 damage)
             ... on level 7 of the Dungeon.
             The game lasted 00:12:53 (8721 turns).

DasRunzen the Conjurer (Demigod Conjurer)           Turns: 8721, Time: 00:12:57

Health: -10/67     AC:  5    Str: 16    XL:     8   Next: 55%
Magic:  1/18       EV: 13    Int: 20    God:
Gold:   315        SH:  0    Dex: 12    Spells: 13/16 levels left

rFire    . . .     SeeInvis .   h - +1 mace of the Dancing Badger {vorpal, rN+}
rCold    . . .     Faith    .   (no shield)
rNeg     + . .     Spirit   .   a - +0 robe
rPois    .         Reflect  .   (no helmet)
rElec    .         Harm     .   i - +0 cloak
rCorr    .         Rampage  .   l - +1 pair of gloves
Will     .....                  (no boots)
Stlth    ++........             (no amulet)
HPRegen  0.21/turn              (no ring)
MPRegen  0.16/turn              (no ring)

@: lethally poisoned (-10 -> -15)
A: high mp 1, forlorn
a: no special abilities


You were on level 7 of the Dungeon.
You visited 1 branch of the dungeon, and saw 7 of its levels.

You collected 315 gold pieces.

Inventory:

Hand Weapons
 f - a +2 hand axe of freezing
 h - the +1 mace of the Dancing Badger (weapon) {vorpal, rN+}
   (You found it on level 5 of the Dungeon)

   It inflicts extra damage upon your enemies.
   It protects you from negative energy.
Armour
 a - a +0 robe (worn)
 i - a +0 cloak (worn)
 l - a +1 pair of gloves (worn)
Jewellery
 d - an amulet of the acrobat
Wands
 c - a wand of flame (10)
Scrolls
 b - 3 scrolls of teleportation
Potions
 e - 2 potions of flight
 g - 2 potions of heal wounds
 j - a potion of curing {unknown}
 o - a potion of magic {unknown}


   Skills:
 + Level 4.4 Fighting
 + Level 4.4 Armour
 + Level 5.0 Dodging
 - Level 1.7 Stealth
 + Level 4.5 Spellcasting
 + Level 5.9 Conjurations


You had 13 spell levels left.
You knew the following spells:

 Your Spells              Type           Power      Damage    Failure   Level
a - Magic Dart            Conj           100%       1d8       1%          1
b - Searing Ray           Conj           56%        3d5       1%          2

Your spell library contained the following spells:

 Spells                   Type           Power      Damage    Failure   Level
 Dazzling Flash           Conj/Hex       32%        N/A       11%         3
 Fulminant Prism          Conj/Hex       8%         3d7       34%         4
 Iskenderun's Mystic Bla  Conj/Tloc      16%        2d5       34%         4


Dungeon Overview and Level Annotations

Branches:
Dungeon (7/15)             Temple (0/1) D:5

Annotations:
D:7 Eustachio


Innate Abilities, Weirdness & Mutations

Your attributes grow dramatically as you level up.
You have an increased reservoir of magic. (+10% MP)
You shall have no god before yourself.


Message History

Eustachio is moderately wounded.
The searing ray misses Eustachio.
Eustachio hits you with a +1 rapier of venom!
* * * LOW HITPOINT WARNING * * *
You are poisoned.
The searing ray hits Eustachio!
Eustachio is heavily wounded.
The searing ray hits the orc warrior.
The orc warrior is lightly wounded.
You finish channeling your searing ray.
You feel sick.
Eustachio casts a spell.
Eustachio blinks!
Casting: Searing Ray (safe; 1% risk of failure)
Confirm with . or Enter, or press ? or * to list all spells.
Aiming: Searing Ray (safe; 1% risk of failure)
Press: ? - help, Shift-Dir - straight line, f/p - Eustachio
Aim: Eustachio, wielding a +1 rapier of venom and wearing a +0 leather armour (heavily wounded, 29% to evade)
The searing ray hits the orc warrior.
The orc warrior is moderately wounded.
The searing ray hits Eustachio.
Eustachio is heavily wounded. (Press . to maintain the ray.)
You feel sick.
Eustachio casts a spell.
The searing ray hits the orc warrior.
The orc warrior is moderately wounded.
The searing ray hits Eustachio!
Eustachio is almost dead.
The orc warrior hits you with a +0 great sword!
* * * LOW HITPOINT WARNING * * *
Eustachio gestures wildly while chanting.
Eustachio blinks!
You feel much better.
You feel sick. The orc warrior barely misses you.
You closely miss the orc warrior.
The orc warrior is moderately wounded.
You feel sick.
The orc warrior hits you with a +0 great sword!!
* * * LOW HITPOINT WARNING * * *
The orc warrior hits you with a +0 great sword!!
You die...

#.# )#( ##@##
###. ##...##
@....
#.....#..o...
#.####...........
.......r(.#######
.#####)### #o#
#@# #####.#####
#.........#
#.###.###.# #.# #
#.###.### #.
#........
###.###.###.###
.........##.#


You could see Eustachio, an orc warrior and a rat (summoned).

Vanquished Creatures
  Grinder (D:5)
  A water moccasin (D:5)
  3 orc warriors
  2 sky beasts (D:6)
  A centaur (D:6)
  3 ogres
  2 bullfrogs (D:6)
  A gnoll sergeant (D:7)
  A howler monkey (D:6)
  Crazy Yiuf (D:4)
  A hound (D:4)
  2 iguanas (D:5)
  4 orc wizards
  7 gnolls (D:4)
  7 adders
  2 shadow imps (D:6)
  An ufetubus (D:6)
  An ooze (D:1)
  An adder zombie (D:7)
  4 dart slugs
  9 leopard geckos
  10 orcs
  A ball python (D:1)
  8 giant cockroaches
  5 goblins
  9 hobgoblins
  6 jackals
  2 quokkas
  4 bats
  3 frilled lizards
  7 kobolds
  A leopard gecko skeleton (D:6)
  A quokka skeleton (D:4)
  7 rats
119 creatures vanquished.

Vanquished Creatures (others)
  6 plants (D:4)
6 creatures vanquished.

Grand Total: 125 creatures vanquished

Notes
Turn   | Place    | Note
-------+----------+-------------------------------------------
     0 | D:1      | DasRunzen the Demigod Conjurer began the quest for the Orb.
     0 | D:1      | Reached XP level 1. HP: 14/14 MP: 5/5
   253 | D:1      | Reached XP level 2. HP: 18/22 MP: 2/7
   256 | D:1      | Learned a level 2 spell: Searing Ray
  1021 | D:1      | Reached XP level 3. HP: 27/27 MP: 6/8
  1423 | D:2      | Reached skill level 1 in Fighting
  1525 | D:2      | Reached skill level 1 in Armour
  1717 | D:2      | Reached XP level 4. HP: 19/35 MP: 5/10
  1818 | D:2      | Noticed an orc warrior
  1944 | D:2      | Killed an orc warrior
  1945 | D:2      | Reached XP level 5. HP: 35/41 MP: 1/12
  3686 | D:4      | Reached XP level 6. HP: 39/48 MP: 13/13
  4313 | D:4      | Found a runed translucent door.
  4314 | D:4      | Noticed Crazy Yiuf
  5371 | D:4      | Killed Crazy Yiuf
  5488 | D:5      | Entered Level 5 of the Dungeon
  5494 | D:5      | Reached XP level 7. HP: 50/56 MP: 9/15
  5578 | D:5      | Noticed Grinder
  5758 | D:5      | Killed Grinder
  5759 | D:5      | Reached skill level 5 in Conjurations
  6240 | D:5      | Identified the +1 mace of the Dancing Badger {vorpal, rN+}
  6307 | D:5      | Found a staircase to the Ecumenical Temple.
  7162 | D:6      | Reached XP level 8. HP: 39/66 MP: 17/17
  8702 | D:7      | Reached skill level 5 in Dodging
  8705 | D:7      | Noticed Eustachio
  8719 | D:7      | HP: 1/67 [orc warrior/+0 great sword (12)]
  8721 | D:7      | Mangled by an orc warrior

Illustrated notes

Levels and vault maps discovered:
D:1:      kennysheep_arrival_forest, layout_loops_ring,
          hangedman_decor_riveting, hangedman_decor_points, minivault_19
D:2:      layout_rooms, grunt_decor_one_mirror, minmay_pentomino_t2
D:3:      layout_loops_ring, nicolae_ru_great_annihilating_truth
D:4:      layout_basic, serial_forest, infiniplex_forest_clump_large,
          infiniplex_forest_clump_tiny, infiniplex_forest_end_2,
          infiniplex_forest_clump_large, infiniplex_forest_lined_3_way,
          infiniplex_forest_clump_tiny, infiniplex_forest_lined_room_2,
          infiniplex_forest_clump_long, uniq_crazy_yiuf_cottage
D:5:      cheibrodos_quashed, layout_basic, gammafunk_temple_overflow_wave,
          minmay_temple_entry_metal_lava, water_maze_lemuel, uniq_grinder
D:6:      layout_loops_ring, basic_altar, okawaru_metal_pillars_1_2, uniq_pikel
D:7:      layout_loops_corners, nzn_wu_jian_contemplation, enter_ossuary_5,
          sword_in_stone, uniq_prince_ribbit1

Skill      XL: |  1  2  3  4  5  6  7  8 |
---------------+-------------------------+-----
Dodging        | 2 3 4 5 |  5.0
Spellcasting   | 2 3 4 |  4.5
Fighting       | 1 2 3 4 |  4.4
Armour         | 1 2 3 4 |  4.4
Conjurations   | 4 5 |  5.9
Stealth        | |  1.7

Action                   |  1- 3 |  4- 6 |  7- 9 || total
-------------------------+-------+-------+-------++-------
Melee: Unarmed           |     1 |       |       ||     1
       Hand axe          |       |    87 |     5 ||    92
       Spear             |       |    18 |       ||    18
       Mace              |       |       |    44 ||    44
 Cast: Magic Dart        |    63 |    11 |       ||    74
       Searing Ray       |     3 |    16 |    28 ||    47
  Use: Scroll            |     4 |     5 |     3 ||    12
       Potion            |       |       |     1 ||     1
 Stab: Paralysed         |       |     3 |       ||     3
       Sleeping          |       |     1 |       ||     1
Armor: Robe              |     1 |    16 |     7 ||    24
Dodge: Dodged            |     1 |    94 |    47 ||   142

Table legend: (Time is in decaauts)
 A = Elapsed time spent in this place.
 B = Non-inter-level travel time spent in this place.
 C = Inter-level travel time spent in this place.
 D = Time resting spent in this place.
 E = Time spent auto-exploring this place.
 F = Levels seen in this place.
 G = Mean time per level.
                   A        B        C        D        E       F      G
               +--------+--------+--------+--------+--------+-----+--------+
         Total |   8766 |   8549 |    217 |    457 |   7028 |   7 | 1252.3 |
       Dungeon |   8766 |   8549 |    217 |    457 |   7028 |   7 | 1252.3 |
               +--------+--------+--------+--------+--------+-----+--------+

Top non-repeatable levels by time:
     D:4: 1943 daAuts
     D:6: 1513 daAuts
     D:1: 1427 daAuts
     D:5: 1393 daAuts
     D:2: 1327 daAuts
     D:3: 933 daAuts
     D:7: 227 daAuts
